 Dungeon Crawl Stone Soup version 0.29-a0-284-gf9362112df (webtiles) character file.

Game seed: 9449156987080697757

40 bande the Skirmisher (level 3, -24/24 HPs)
             Began as a Gargoyle Fighter on Mar 15, 2022.
             Killed by an exploding goblin (30 damage)
             ... ignited by their inner flame
             ... on level 2 of the Dungeon.
             The game lasted 00:01:41 (1115 turns).

bande the Skirmisher (Gargoyle Fighter)             Turns: 1115, Time: 00:01:42

Health: -24/24     AC: 10    Str: 19    XL:     3   Next: 50%
Magic:  3/3        EV:  9    Int:  8    God:
Gold:   58         SH:  4    Dex: 11    Spells: 2/2 levels left

rFire   . . .      SeeInvis .   a - +0 war axe
rCold   . . .      Faith    .   c - +0 buckler
rNeg    + . .      Spirit   .   b - +0 scale mail
rPois   ∞          Reflect  .   (no helmet)
rElec   +          Harm     .   (no cloak)
rCorr   .          Rampage  .   (no gloves)
Will    .....                   (no boots)
Stlth   ..........              (no amulet)
HPRegen 0.08/turn               (no ring)
MPRegen 0.08/turn               (no ring)

@: no status effects
A: sickness immunity, AC +3, negative energy resistance 1, electricity
resistance, torment resistance 1, petrification resistance
a: no special abilities


You were on level 2 of the Dungeon.
You visited 1 branch of the dungeon, and saw 2 of its levels.

You collected 58 gold pieces.

Inventory:

Hand Weapons
 a - a +0 war axe (weapon)
Armour
 b - a +0 scale mail (worn)
 c - a +0 buckler (worn)
Jewellery
 g - a +4 ring of evasion
Potions
 d - a potion of might
 e - a potion of invisibility
 f - a potion of flight
 h - a potion of heal wounds {unknown}


   Skills:
 + Level 3.7 Fighting
 + Level 2.4 Axes
 + Level 3.7 Armour
 + Level 3.6 Shields


You had 2 spell levels left.
You didn't know any spells.
Your spell library contained the following spells:

 Spells                   Type           Power      Damage    Failure   Level
 Sting                    Tmut/Pois      0%         1d3       86%         1
 Poisonous Vapours        Pois/Air       0%         N/A       94%         2
 Olgreb's Toxic Radiance  Pois           0%         N/A       100%        4


Dungeon Overview and Level Annotations

Branches:
Dungeon (2/15)

Altars:


Innate Abilities, Weirdness & Mutations

You are immune to sickness and miasma.
Your stone body is resilient. (AC +3)
You are immune to poison.
You resist negative energy. (rN+)
You are resistant to electric shocks. (rElec)
You are resistant to unholy torment.
You are immune to petrification.


Message History

f - a potion of flight
As you read the scroll labelled YSOM SETROELOURA, it crumbles to dust.
Wisps of shadow whirl around you...
It was a scroll of summoning.
As you read the scroll labelled IGECUI YL ZOXKESAE, it crumbles to dust.
You feel strangely unstable.
It was a scroll of teleportation.
As you read the scroll labelled EFFACH KAUGHEGG, it crumbles to dust.
The creatures around you are filled with an inner flame!
It was a scroll of immolation.
You swap places.
Your surroundings suddenly seem different.
Found 15 stones.
A bat comes into view.
The bat hits you but does no damage. The bat hits you but does no damage.
The bat hits you but does no damage. The bat barely misses you.
You block the bat's attack.
You hit the bat.
The bat is moderately wounded.
The bat barely misses you.
You completely miss the bat.
The bat is moderately wounded.
The bat hits you but does no damage. The bat barely misses you.
You closely miss the bat.
The bat is moderately wounded.
The bat closely misses you. The bat hits you but does no damage.
Your endoplasm's inner flame fades away.
The bat closely misses your rat. The bat hits your rat.
Flame seeps out of your rat.
Your rat is engulfed in blazing flames.
Your rat's corpse dissolves into shadows!
Your rat explodes!
The fiery explosion engulfs you!!
Ouch! That really hurt!
* * * LOW HITPOINT WARNING * * *
The fiery explosion engulfs your goblin!
Your goblin's corpse dissolves into shadows!
The fiery explosion engulfs the bat!!
You kill the bat!
Your goblin explodes!
The fiery explosion engulfs you!!
Ouch! That really hurt!
You die...

.# ... .# #.. ####.
.. #...###..
#......### . # #
##.$....... .
...#.#...##.#.. .# #
#......§§§J.#.###.# #
#.##.#.@§#..#.....##.
# ##○##.....g.....
#§§......####
####.##..# #.##
####.##..# #...
...#.#..# #.##
#..##..# #..##..#
#.#.#...#..#


You could see a friendly endoplasm (summoned).

Vanquished Creatures
  A gnoll (D:1)
  2 ball pythons (D:1)
  2 endoplasms (D:1)
  A giant cockroach (D:1)
  3 goblins (D:1)
  A hobgoblin (D:1)
  4 jackals (D:1)
  A quokka (D:1)
  6 bats
  2 frilled lizards (D:1)
  3 kobolds (D:1)
  2 rats (D:1)
28 creatures vanquished.

Vanquished Creatures (others)
  3 plants (D:1)
3 creatures vanquished.

Grand Total: 31 creatures vanquished

Notes
Turn   | Place    | Note
-------+----------+-------------------------------------------
     0 | D:1      | bande the Gargoyle Fighter began the quest for the Orb.
     0 | D:1      | Reached XP level 1. HP: 14/14 MP: 1/1
    68 | D:1      | Reached XP level 2. HP: 19/19 MP: 2/2
   212 | D:1      | Reached XP level 3. HP: 16/23 MP: 3/3
  1115 | D:2      | Killed by an exploding goblin... ignited by their inner
                  | flame

Illustrated notes

Levels and vault maps discovered:
D:1:      spicycebolla_arrival_xxxplode, layout_loops_ring,
          chequers_serial_rivers_room_a, minmay_misc_feat_ornament,
          serial_bayou_lake_a
D:2:      layout_loops_ring, shapermc_ecumenical_altar_mp_vishouse

Skill      XL: |  1  2 |
---------------+-------+-----
Axes           | 2 |  2.4
Fighting       | |  3.7
Armour         | |  3.7
Shields        | |  3.6

Action                   || total
-------------------------++-------
Melee: War axe           ||    71
  Use: Scroll            ||     5
Armor: Scale mail        ||    43
Dodge: Dodged            ||    33
Block: Buckler           ||    12

Table legend: (Time is in decaauts)
 A = Elapsed time spent in this place.
 B = Non-inter-level travel time spent in this place.
 C = Inter-level travel time spent in this place.
 D = Time resting spent in this place.
 E = Time spent auto-exploring this place.
 F = Levels seen in this place.
 G = Mean time per level.
                   A        B        C        D        E       F      G
               +--------+--------+--------+--------+--------+-----+--------+
         Total |   1177 |   1146 |     31 |      0 |    947 |   2 |  588.5 |
       Dungeon |   1177 |   1146 |     31 |      0 |    947 |   2 |  588.5 |
               +--------+--------+--------+--------+--------+-----+--------+

Top non-repeatable levels by time:
     D:1: 1145 daAuts
     D:2: 32 daAuts
